 Dungeon Crawl Stone Soup version 0.18.1-48-g4cf74bf (webtiles) character file.

124 Ruka the Vexing (level 5, -5/24 HPs)
             Began as a Vine Stalker Enchanter on Sept 6, 2016.
             Killed from afar by Blork the orc (8 damage)
             ... with a puff of frost
             ... on level 4 of the Dungeon on Sept 7, 2016.
             The game lasted 00:17:15 (3038 turns).

Ruka the Vexing (Vine Stalker Enchanter)            Turns: 3038, Time: 00:17:16

Health: -5/24      AC:  3    Str: 10    XL:     5   Next: 8%
Magic:  0/9        EV: 12    Int: 16    God:
Gold:   150        SH:  0    Dex: 15    Spells: 3 memorised, 2 levels left

rFire  . . .     SeeInvis .     a - +1 dagger
rCold  . . .     Gourm    .     b - +1 robe
rNeg   . . .     Faith    .     (no shield)
rPois  .         Spirit   +     (no helmet)
rElec  .         Dismiss  .     (no cloak)
rCorr  .         Reflect  .     (no gloves)
SustAt .         Harm     .     (no boots)
MR     .....                    (no amulet)
Stlth  +++.......               (no ring)
                                (no ring)

@: flying, not resistant to hostile enchantments, fairly stealthy
A: fangs 2, regeneration 1, magic shield, antimagic bite, no device heal 3, rot
immunity
a: no special abilities


You were on level 4 of the Dungeon.
You were not hungry.

You visited 1 branch of the dungeon, and saw 4 of its levels.

You collected 150 gold pieces.

Inventory:

Hand Weapons
 a - a +1 dagger (weapon)
Armour
 b - a +1 robe (worn)
Jewellery
 k - an uncursed ring of fire
Scrolls
 i - 4 scrolls of identify
 n - a scroll of random uselessness {unknown}
 o - 2 scrolls of recharging
 q - a scroll of enchant weapon {unknown}
Potions
 g - 2 potions of haste {unknown}
 h - a potion of lignification
 l - a potion of magic
 m - 2 potions of mutation {unknown}
 r - a potion of agility {unknown}
 s - a potion of degeneration {unknown}
Books
 c - a book of Maledictions

   Spells                             Type                      Level
   a - Corona                         Hexes                        1
   b - Ensorcelled Hibernation        Hexes/Ice                    2
   c - Confuse                        Hexes                        3
   d - Tukima's Dance                 Hexes                        3
   e - Dazzling Spray                 Conjuration/Hexes            3
Comestibles
 d - a bread ration
 f - 3 beef jerkies
 j - 3 meat rations
 p - 4 chunks of flesh


   Skills:
 - Level 0.8 Short Blades
 - Level 1.5 Dodging
 + Level 4.5 Stealth
 - Level 2.1 Spellcasting
 - Level 5.2 Hexes


You had 2 spell levels left.
You knew the following spells:

 Your Spells              Type           Power        Failure   Level  Hunger
a - Corona                Hex            ###....      2%          1    #......
b - Ensorcelled Hibernat  Hex/Ice        ##....       12%         2    ###....
c - Confuse               Hex            ###.....     10%         3    ###....


Dungeon Overview and Level Annotations

Branches:
Dungeon (4/15)
 Temple: D:4-7

Altars:
Cheibriados
Qazlal
Sif Muna
Trog
Xom
Yredelemnul

Annotations:
D:4 Blork the orc


Innate Abilities, Weirdness & Mutations

You have extremely sharp teeth.
Your natural rate of healing is unusually fast.
When hurt, damage is shared between your health and your magic reserves.
Your bite disrupts and absorbs the magic of your enemies.
Potions and wands cannot restore your health.
You are immune to rotting.


Message History

Blork the orc mumbles some strange words.
Blork the orc seems to speed up.
Read which item? (? for menu, Esc to quit)
Okay, then.
Blork the orc screams, "I'll eat your brain!
And then I'll vomit it back up!"
The orc wizard barely misses you. The orc wizard casts a spell at you.
The puff of flame misses you.
The hound skeleton barely misses the orc wizard.
Blork the orc casts a spell at you. The magic dart hits you!
* * * LOW HITPOINT WARNING * * *
The orc wizard mumbles some strange words.
The orc wizard blinks!
Blork the orc barely misses you.
You feel very buoyant.
You fly up into the air.
Blork the orc points at you and mumbles some strange words.
The puff of frost hits you!
You die...

......# ......# ########
..?..o# #.......
......########## ###.......
.#####.........# #.........
#....<....#########.#####.#.
#.....o....>........####....
#........o####.#.#........##
#........oo@...._.......[...
#############..#.#####..####
# #.....# ##.##
#.########..# #
#...####>..## ###(......##
######.## .. #.# .# #.#


You could see Blork the orc and 3 orc wizards.

Vanquished Creatures
  Ijyb (D:2)
  3 adders (D:2)
  A worm (D:3)
  2 dart slugs (D:2)
  6 giant geckos
  An orc (D:3)
  A ball python (D:1)
  6 giant cockroaches
  3 hobgoblins
  6 kobolds
  2 quokkas
  6 bats
  2 giant newts
  7 goblins
  14 rats
61 creatures vanquished.

Notes
Turn   | Place    | Note
--------------------------------------------------------------
     0 | D:1      | Ruka the Vine Stalker Enchanter began the quest for the Orb.
     0 | D:1      | Reached XP level 1. HP: 9/9 MP: 4/4
   149 | D:1      | Reached XP level 2. HP: 13/13 MP: 6/6
   153 | D:1      | Learned a level 2 spell: Ensorcelled Hibernation
   483 | D:1      | Reached skill level 4 in Hexes
   609 | D:1      | Reached XP level 3. HP: 16/16 MP: 5/7
   759 | D:1      | Learned a level 3 spell: Confuse
   874 | D:2      | Found a snail-covered altar of Cheibriados.
  1116 | D:2      | Found a shimmering altar of Xom.
  1129 | D:2      | Reached XP level 4. HP: 15/21 MP: 2/8
  1195 | D:2      | Noticed Ijyb
  1209 | D:2      | Killed Ijyb
  1209 | D:2      | Reached skill level 5 in Hexes
  1702 | D:3      | Found a deep blue altar of Sif Muna.
  2083 | D:3      | Found a stormy altar of Qazlal.
  2282 | D:3      | Found a basalt altar of Yredelemnul.
  2374 | D:3      | Reached XP level 5. HP: 24/24 MP: 6/9
  2927 | D:4      | Found a bloodstained altar of Trog.
  3018 | D:4      | Noticed Blork the orc
  3038 | D:4      | Killed from afar by Blork the orc

Skill      XL: |  1  2  3  4 |
---------------+-------------+-----
Hexes          | 4 5 |  5.2
Stealth        | 4 |  4.5
Short Blades   | |  0.8
Dodging        | |  1.5
Spellcasting   | |  2.1

Action                   |  1- 3 |  4- 6 || total
-------------------------+-------+-------++-------
Melee: Dagger            |    57 |    68 ||   125
       Bite              |     6 |     4 ||    10
 Cast: Corona            |     7 |     1 ||     8
       Ensorcelled Hiber |    10 |    24 ||    34
       Confuse           |       |     3 ||     3
  Use: Scroll            |     3 |     5 ||     8
       Potion            |       |     1 ||     1
 Stab: Sleeping          |    19 |    21 ||    40
  Eat: Chunk             |     1 |     5 ||     6
       Bread ration      |       |     1 ||     1
Armor: Robe              |    10 |    17 ||    27
Dodge: Dodged            |    22 |    60 ||    82
